ORI
UNIVERSITY OF ALABAMA CRIMSON TIDE @ COASTAL CAROLINA UNIVERSITY CHANTICLEERS
11/09/2048
 
TOP OF THE 1ST
University of Minnesota Golden Gophers batting - Pitching for Mississippi State University Bulldogs : RHP Sa'ng Dai
Pitching: RHP Sa'ng Dai
Batting: RHB Tatsuyoshi Ikeda 0-0: Called Strike
0-1: Swinging Strike
0-2: Ball
1-2: Ground out 6-3 (Groundball, 6, EV 86.2 MPH)
Batting: RHB Ned Scovell 0-0: Ball
1-0: Foul Ball, location: 2F
1-1: Ball
2-1: Foul Ball, location: 2F
2-2: Foul Ball, location: 2F
2-2: Ground out 5-3 (Groundball, 56S, EV 88.8 MPH)
Batting: LHB Dick Shafer 0-0: Ground out U3 (Groundball, 3, EV 86.2 MPH)
Top of the 1st over - 0 runs, 0 hits, 0 errors, 0 left on base; University of Minnesota 0 - Mississippi State University 0
BOTTOM OF THE 1ST
Mississippi State University Bulldogs batting - Pitching for University of Minnesota Golden Gophers : RHP Eddie Young
Pitching: RHP Eddie Young
Batting: RHB Chris Everett 0-0: Ball
1-0: SINGLE (Groundball, 56, EV 100.0 MPH)
Batting: RHB Alvin Abarca 0-0: Grounds into double play, 4-6-3 (Groundball, 4, EV 101.2 MPH)
Batting: RHB Josh Stene 0-0: Foul Ball, location: 2F
0-1: Foul Ball, location: 2F
0-2: Ball
1-2: Foul Ball, location: 2F
1-2: Foul Ball, location: 2F
1-2: Foul Ball, location: 2F
1-2: Ball
2-2: Foul Ball, location: 2F
2-2: Ball
3-2: Foul Ball, location: 2F
3-2: Foul Ball, location: 2F
3-2: Base on Balls
Batting: RHB Alexis Gallegos 0-0: Ball
1-0: Ball
2-0: Called Strike
2-1: Ball
3-1: Swinging Strike
3-2: Strikes out looking
Bottom of the 1st over - 0 runs, 1 hit, 0 errors, 1 left on base; University of Minnesota 0 - Mississippi State University 0
TOP OF THE 2ND
University of Minnesota Golden Gophers batting - Pitching for Mississippi State University Bulldogs : RHP Sa'ng Dai
Batting: RHB Ozzie Buendia 0-0: Called Strike
0-1: Ball
1-1: Swinging Strike
1-2: Fly out, F8 (Flyball, 8RM, EV 91.2 MPH)
Batting: LHB Josh Rini 0-0: Ground out U3 (Groundball, 34, EV 101.9 MPH)
Batting: RHB Adler Cananis 0-0: Ball
1-0: Called Strike
1-1: Foul Ball, location: 2F
1-2: Ball
2-2: Ball
3-2: Ground out U3 (Groundball, 34S, EV 88.1 MPH)
Top of the 2nd over - 0 runs, 0 hits, 0 errors, 0 left on base; University of Minnesota 0 - Mississippi State University 0
BOTTOM OF THE 2ND
Mississippi State University Bulldogs batting - Pitching for University of Minnesota Golden Gophers : RHP Eddie Young
Batting: LHB Danny Shanahan 0-0: Swinging Strike
0-1: Ball
1-1: Swinging Strike
1-2: Foul Ball, location: 2F
1-2: Ball
2-2: Fly out, F8 (Flyball, 89S, EV 93.1 MPH)
Batting: LHB Vinnie Kalman 0-0: Hit by Pitch
Batting: LHB Ricardo Ramos 0-0: Ball
1-0: Called Strike
1-1: Called Strike
1-2: Strikes out swinging
Batting: RHB Oscar Vargas 0-0: Swinging Strike
0-1: Swinging Strike
0-2: Strikes out swinging, 2-3 out at first.
Bottom of the 2nd over - 0 runs, 0 hits, 0 errors, 1 left on base; University of Minnesota 0 - Mississippi State University 0
TOP OF THE 3RD
University of Minnesota Golden Gophers batting - Pitching for Mississippi State University Bulldogs : RHP Sa'ng Dai
Batting: LHB Alex Villa 0-0: Called Strike
0-1: Ball
1-1: Ball
2-1: Foul Ball, location: 2F
2-2: Ground out 3-1 (Groundball, 34, EV 90.6 MPH)
Batting: RHB Jarrod Strickhouser 0-0: Ball
1-0: Ground out 4-3 (Groundball, 4, EV 86.9 MPH)
Batting: RHB Jose Garrido 0-0: Foul Ball, location: 2F
0-1: Called Strike
0-2: Strikes out swinging
Top of the 3rd over - 0 runs, 0 hits, 0 errors, 0 left on base; University of Minnesota 0 - Mississippi State University 0
BOTTOM OF THE 3RD
Mississippi State University Bulldogs batting - Pitching for University of Minnesota Golden Gophers : RHP Eddie Young
Batting: RHB Josh Simmons 0-0: Ball
1-0: Reached on error, E6 (Groundball, 6, EV 82.5 MPH)
Batting: RHB Chris Everett 0-0: Called Strike
0-1: Ball
1-1: Ball
2-1: Swinging Strike
2-2: Foul Ball, location: 2F
2-2: Strikes out looking
Batting: RHB Alvin Abarca 0-0: Ball
1-0: Called Strike
1-1: Swinging Strike
1-2: Ball
2-2: Foul Ball, location: 2F
2-2: Strikes out swinging
Batting: RHB Josh Stene 0-0: Foul Ball, location: 2F
0-1: Swinging Strike
0-2: Strikes out looking
Bottom of the 3rd over - 0 runs, 0 hits, 1 error, 1 left on base; University of Minnesota 0 - Mississippi State University 0
TOP OF THE 4TH
University of Minnesota Golden Gophers batting - Pitching for Mississippi State University Bulldogs : RHP Sa'ng Dai
Batting: RHB Tatsuyoshi Ikeda 0-0: Called Strike
0-1: Foul Ball, location: 2F
0-2: Ball
1-2: Strikes out swinging
Batting: RHB Ned Scovell 0-0: Called Strike
0-1: Called Strike
0-2: Foul Ball, location: 2F
0-2: Foul Ball, location: 2F
0-2: Foul Ball, location: 2F
0-2: Ball
1-2: Ball
2-2: Foul Ball, location: 2F
2-2: SINGLE (Groundball, 6M, EV 97.5 MPH)
Batting: LHB Dick Shafer 0-0: Ball
1-0: Ball
2-0: Ball
3-0: Foul Ball, location: 2F
3-1: Foul Ball, location: 2F
3-2: 2-RUN HOME RUN (Flyball, 89XD, EV 103.1 MPH), Distance : 412 ft
Batting: RHB Ozzie Buendia 0-0: Called Strike
0-1: Foul Ball, location: 2F
0-2: Ball
1-2: Strikes out swinging
Batting: LHB Josh Rini 0-0: Foul Ball, location: 2F
0-1: Ball
1-1: Ball
2-1: Fly out, F2 (Popup, 23F, EV 84.4 MPH)
Top of the 4th over - 2 runs, 2 hits, 0 errors, 0 left on base; University of Minnesota 2 - Mississippi State University 0
BOTTOM OF THE 4TH
Mississippi State University Bulldogs batting - Pitching for University of Minnesota Golden Gophers : RHP Eddie Young
Batting: RHB Alexis Gallegos 0-0: Ball
1-0: Ball
2-0: Called Strike
2-1: Swinging Strike
2-2: Strikes out swinging
Batting: LHB Danny Shanahan 0-0: Foul Ball, location: 2F
0-1: Fly out, F7 (Flyball, 78D, EV 85.0 MPH)
Batting: LHB Vinnie Kalman 0-0: Swinging Strike
0-1: Ball
1-1: Foul Ball, location: 2F
1-2: Strikes out swinging, 2-3 out at first.
Bottom of the 4th over - 0 runs, 0 hits, 0 errors, 0 left on base; University of Minnesota 2 - Mississippi State University 0
TOP OF THE 5TH
University of Minnesota Golden Gophers batting - Pitching for Mississippi State University Bulldogs : RHP Sa'ng Dai
Batting: RHB Adler Cananis 0-0: Ball
1-0: Ball
2-0: Foul Ball, location: 2F
2-1: Foul Ball, location: 2F
2-2: Ball
3-2: Foul Ball, location: 2F
3-2: Ground out 4-3 (Groundball, 4, EV 108.1 MPH)
Batting: LHB Alex Villa 0-0: Ball
1-0: Ball
2-0: Ground out 4-3 (Groundball, 4, EV 80.6 MPH)
Batting: RHB Jarrod Strickhouser 0-0: Ball
1-0: Fly out, F7 (Flyball, 78D, EV 97.5 MPH)
Top of the 5th over - 0 runs, 0 hits, 0 errors, 0 left on base; University of Minnesota 2 - Mississippi State University 0
BOTTOM OF THE 5TH
Mississippi State University Bulldogs batting - Pitching for University of Minnesota Golden Gophers : RHP Eddie Young
Batting: LHB Ricardo Ramos 0-0: Called Strike
0-1: Ball
1-1: Ball
2-1: Ground out 4-3 (Groundball, 4, EV 80.6 MPH)
Batting: RHB Oscar Vargas 0-0: Ball
1-0: Swinging Strike
1-1: Swinging Strike
1-2: Ball
2-2: Strikes out swinging
Batting: RHB Josh Simmons 0-0: Ball
1-0: Ball
2-0: Called Strike
2-1: Ball
3-1: Called Strike
3-2: Base on Balls
Pitching: RHP Neel de Graaf
Batting: RHB Chris Everett 0-0: Swinging Strike
0-1: Called Strike
0-2: Fielders Choice at 2nd, 6-4 (Groundball, 6, EV 87.5 MPH)
Bottom of the 5th over - 0 runs, 0 hits, 0 errors, 1 left on base; University of Minnesota 2 - Mississippi State University 0
TOP OF THE 6TH
University of Minnesota Golden Gophers batting - Pitching for Mississippi State University Bulldogs : RHP Sa'ng Dai
Batting: RHB Jose Garrido 0-0: Called Strike
0-1: Called Strike
0-2: Foul Ball, location: 2F
0-2: Ball
1-2: Strikes out swinging
Batting: RHB Tatsuyoshi Ikeda 0-0: Ball
1-0: Ground out 6-3 (Groundball, 4M, EV 85.0 MPH)
Batting: RHB Ned Scovell 0-0: Called Strike
0-1: Ball
1-1: Fly out, F9 (Flyball, 9, EV 83.8 MPH)
Top of the 6th over - 0 runs, 0 hits, 0 errors, 0 left on base; University of Minnesota 2 - Mississippi State University 0
BOTTOM OF THE 6TH
Mississippi State University Bulldogs batting - Pitching for University of Minnesota Golden Gophers : RHP Neel de Graaf
Batting: RHB Alvin Abarca 0-0: Swinging Strike
0-1: Fly out, F7 (Line Drive, 78D, EV 95.6 MPH)
Batting: RHB Josh Stene 0-0: Ball
1-0: Called Strike
1-1: Ball
2-1: Ground out U3 (Groundball, 3, EV 85.6 MPH)
Batting: RHB Alexis Gallegos 0-0: Swinging Strike
0-1: Ball
1-1: DOUBLE (Popup, 3D, EV 70.0 MPH)
Batting: LHB Danny Shanahan 0-0: Ball
1-0: Foul Ball, location: 2F
1-1: Called Strike
1-2: Foul Ball, location: 2F
1-2: Ball
2-2: Ball
3-2: Foul Ball, location: 2F
3-2: Foul Ball, location: 2F
3-2: Strikes out looking
Bottom of the 6th over - 0 runs, 1 hit, 0 errors, 1 left on base; University of Minnesota 2 - Mississippi State University 0
TOP OF THE 7TH
University of Minnesota Golden Gophers batting - Pitching for Mississippi State University Bulldogs : RHP Sa'ng Dai
Batting: LHB Dick Shafer 0-0: SINGLE (Groundball, 4D, EV 99.4 MPH)
Batting: RHB Ozzie Buendia 0-0: Fielders Choice at 2nd, 1-6 (Groundball, 13S, EV 73.8 MPH)
Batting: LHB Josh Rini 0-0: Ball
1-0: Ball
2-0: Ball
3-0: Called Strike
3-1: Swinging Strike
3-2: Base on Balls
Ozzie Buendia to second
Batting: RHB Adler Cananis 0-0: Ball
1-0: Called Strike
1-1: Ball
2-1: Swinging Strike
2-2: Ball
3-2: Foul Ball, location: 2F
3-2: Base on Balls
Ozzie Buendia to third
Josh Rini to second
Batting: LHB Alex Villa 0-0: Ball
1-0: Foul Ball, location: 2F
1-1: Ball
2-1: Ball
3-1: Foul Ball, location: 2F
3-2: Strikes out swinging
Batting: RHB Jarrod Strickhouser 0-0: Foul Ball, location: 2F
0-1: Ball
1-1: Swinging Strike
1-2: Strikes out swinging
Top of the 7th over - 0 runs, 1 hit, 0 errors, 3 left on base; University of Minnesota 2 - Mississippi State University 0
BOTTOM OF THE 7TH
Mississippi State University Bulldogs batting - Pitching for University of Minnesota Golden Gophers : RHP Neel de Graaf
Batting: LHB Vinnie Kalman 0-0: Ball
1-0: Ball
2-0: Called Strike
2-1: Foul Ball, location: 2F
2-2: Foul Ball, location: 2F
2-2: Strikes out looking
Batting: LHB Ricardo Ramos 0-0: Ball
1-0: Fly out, F3 (Popup, 34S, EV 71.9 MPH)
Batting: RHB Oscar Vargas 0-0: Called Strike
0-1: Called Strike
0-2: Ball
1-2: Strikes out swinging
Bottom of the 7th over - 0 runs, 0 hits, 0 errors, 0 left on base; University of Minnesota 2 - Mississippi State University 0
TOP OF THE 8TH
University of Minnesota Golden Gophers batting - Pitching for Mississippi State University Bulldogs : RHP Sa'ng Dai
Batting: RHB Jose Garrido 0-0: Swinging Strike
0-1: Ground out 5-3 (Groundball, 56S, EV 86.2 MPH)
Batting: RHB Tatsuyoshi Ikeda 0-0: Ball
1-0: Ball
2-0: Ball
3-0: Base on Balls
Pinch Hitting: RHB Ron Gooch 0-0: Ball
1-0: Foul Ball, location: 2F
1-1: Called Strike
1-2: Fielders Choice at 2nd, 4-6 (Groundball, 4M, EV 91.2 MPH)
Pitching: RHP Tony Renteria
Batting: LHB Dick Shafer 0-0: Called Strike
Ron Gooch steals 2nd base
0-1: Foul Ball, location: 2F
0-2: Foul Ball, location: 2F
0-2: Strikes out swinging
Top of the 8th over - 0 runs, 0 hits, 0 errors, 1 left on base; University of Minnesota 2 - Mississippi State University 0
BOTTOM OF THE 8TH
Mississippi State University Bulldogs batting - Pitching for University of Minnesota Golden Gophers : RHP Neel de Graaf
Now at 1B: Jarrod Strickhouser
Now at SS: Farakiko Haunani
Now in CF: Chris Rodgers
Now in RF: Roy Evenden
Batting: RHB Josh Simmons 0-0: Ball
1-0: Hit by Pitch
Batting: RHB Chris Everett 0-0: Grounds into double play, 5-4-3 (Groundball, 56, EV 100.0 MPH)
Batting: RHB Alvin Abarca 0-0: SINGLE (Line Drive, 56, EV 98.1 MPH)
Batting: RHB Josh Stene 0-0: Fielders Choice at 2nd, 6-4 (Groundball, 6, EV 103.1 MPH)
Bottom of the 8th over - 0 runs, 1 hit, 0 errors, 1 left on base; University of Minnesota 2 - Mississippi State University 0
TOP OF THE 9TH
University of Minnesota Golden Gophers batting - Pitching for Mississippi State University Bulldogs : RHP Tony Renteria
Batting: RHB Ozzie Buendia 0-0: Called Strike
0-1: Ball
1-1: Foul Ball, location: 2F
1-2: Hit by Pitch
Batting: LHB Jose Moncada 0-0: Swinging Strike
0-1: Fielders Choice at 2nd, 4-6 (Groundball, 4, EV 85.6 MPH)
Batting: SHB Chris Rodgers 0-0: Ball
1-0: Ball
2-0: Ball
3-0: Called Strike
3-1: Called Strike
3-2: Base on Balls
Jose Moncada to second
Batting: LHB Alex Villa 0-0: Ball
1-0: Ball
2-0: Ball
3-0: Fly out, F8 (Flyball, 8RD, EV 98.8 MPH)
Batting: RHB Jarrod Strickhouser 0-0: Swinging Strike
0-1: Ball
1-1: SINGLE (Groundball, 6MD, EV 95.0 MPH)
Jose Moncada to third
Chris Rodgers to second
Runner from 3rd tries for Home, SAFE, throw by CF to home
Batting: RHB Jose Garrido 0-0: Ball
1-0: Ball
2-0: Called Strike
2-1: Foul Ball, location: 2F
2-2: Foul Ball, location: 2F
2-2: Ball
3-2: Ground out 5-3 (Groundball, 56S, EV 78.8 MPH)
Top of the 9th over - 1 run, 1 hit, 0 errors, 2 left on base; University of Minnesota 3 - Mississippi State University 0
BOTTOM OF THE 9TH
Mississippi State University Bulldogs batting - Pitching for University of Minnesota Golden Gophers : RHP Neel de Graaf
Pitching: RHP Adam Wickwire
Batting: RHB Alexis Gallegos 0-0: Ball
1-0: Called Strike
1-1: Foul Ball, location: 2F
1-2: Ball
2-2: Ball
3-2: Foul Ball, location: 2F
3-2: Strikes out looking
Pinch Hitting: RHB Benjamin Alderdice 0-0: Called Strike
0-1: Ground out 6-3 (Groundball, 6MS, EV 81.2 MPH)
Pinch Hitting: RHB Bill Petipas 0-0: Ball
1-0: Ball
2-0: Called Strike
2-1: Called Strike
2-2: Ball
3-2: Foul Ball, location: 2F
3-2: Strikes out swinging
Bottom of the 9th over - 0 runs, 0 hits, 0 errors, 0 left on base; University of Minnesota 3 - Mississippi State University 0
Tuesday, March 28th , 2023 - OOTP Baseball 23.10 Build 110